 Dungeon Crawl Stone Soup version 0.28.0-45-g0d030f2227 (webtiles) character file.

Game seed: 10985809355019903123

56 psko the Conjurer (level 3, -5/16 HPs)
             Began as a Spriggan Conjurer on Apr 9, 2022.
             Was a Follower of Wu Jian.
             Killed by nerve-wracking pain
             ... invoked by Jessica
              (9 damage)
             ... on level 2 of the Dungeon.
             The game lasted 00:09:48 (1521 turns).

psko the Conjurer (Spriggan Conjurer)               Turns: 1521, Time: 00:09:49

Health: -5/16      AC:  2    Str:  5    XL:     3   Next: 69%
Magic:  3/8        EV: 17    Int: 19    God:    Wu Jian [*.....]
Gold:   61         SH:  0    Dex: 13    Spells: 7/8 levels left

rFire   . . .      SeeInvis +   g - +0 short sword (freeze)
rCold   . . .      Faith    .   (no shield)
rNeg    . . .      Spirit   .   a - +0 robe
rPois   .          Reflect  .   (helmet restricted)
rElec   .          Harm     .   (no cloak)
rCorr   .          Rampage  .   (gloves unavailable)
Will    .....                   (boots unavailable)
Stlth   ++........              (no amulet)
HPRegen 0.05/turn               (no ring)
MPRegen 0.11/turn               (no ring)

@: very quick
A: very small, no large weapons, unfitting armour, see invisible, speed 3
a: Renounce Religion


You were on level 2 of the Dungeon.
You worshipped Wu Jian.
Wu Jian was aware of your devotion.
You visited 1 branch of the dungeon, and saw 2 of its levels.

You collected 61 gold pieces.

Inventory:

Hand Weapons
 c - a +0 dagger
 g - a +0 short sword of freezing (weapon)
Missiles
 j - a throwing net
Armour
 a - a +0 robe (worn)
Scrolls
 b - a scroll of amnesia
 d - a scroll of fog
 h - a scroll of brand weapon {unknown}
 i - a scroll of holy word {unknown}
Potions
 e - 2 potions of brilliance {unknown}
 f - 2 potions of flight {unknown}


   Skills:
 + Level 0.2 Short Blades
 + Level 3.2 Dodging
 + Level 3.2 Stealth
 + Level 3.3 Spellcasting
 + Level 3.6 Conjurations


You had 7 spell levels left.
You knew the following spells:

 Your Spells              Type           Power      Damage    Failure   Level
a - Magic Dart            Conj           68%        1d6       3%          1

Your spell library contained the following spells:

 Spells                   Type           Power      Damage    Failure   Level
 Searing Ray              Conj           34%        2d5       4%          2
 Dazzling Flash           Conj/Hex       20%        N/A       22%         3
 Fulminant Prism          Conj/Hex       5%         3d7       56%         4
 Iskenderun's Mystic Bla  Conj/Tloc      10%        2d4       56%         4


Dungeon Overview and Level Annotations

Branches:
Dungeon (2/15)

Altars:
Wu Jian

Annotations:
D:2 Jessica


Innate Abilities, Weirdness & Mutations

You are very small and have problems with some larger weapons.
You are too small for most types of armour.
You have supernaturally acute eyesight. (SInv)
You cover ground extremely quickly. (Speed+++)


Message History

Confirm with . or Enter, or press ? or * to list all spells.
Aiming: Magic Dart (safe; 3% risk of failure)
Press: ? - help, Shift-Dir - straight line, f/p - Jessica
Aim: Jessica, wielding a +0 club and wearing a +0 robe (heavily wounded, 100% to hit)
The magic dart hits Jessica but does no damage.
Jessica is heavily wounded.
Jessica hits you with a +0 club.
* * * LOW HITPOINT WARNING * * *
Casting: Magic Dart (safe; 3% risk of failure)
Confirm with . or Enter, or press ? or * to list all spells.
Aiming: Magic Dart (safe; 3% risk of failure)
Press: ? - help, Shift-Dir - straight line, f/p - Jessica
Aim: Jessica, wielding a +0 club and wearing a +0 robe (heavily wounded, 100% to hit)
The magic dart hits Jessica.
Jessica is severely wounded.
Jessica drinks a potion.
Jessica is healed!
Casting: Magic Dart (safe; 3% risk of failure)
Confirm with . or Enter, or press ? or * to list all spells.
Aiming: Magic Dart (safe; 3% risk of failure)
Press: ? - help, Shift-Dir - straight line, f/p - Jessica
Aim: Jessica, wielding a +0 club and wearing a +0 robe (lightly wounded, 100% to hit)
The magic dart hits Jessica.
Jessica is heavily wounded.
Casting: Magic Dart (safe; 3% risk of failure)
Confirm with . or Enter, or press ? or * to list all spells.
Aiming: Magic Dart (safe; 3% risk of failure)
Press: ? - help, Shift-Dir - straight line, f/p - Jessica
Aim: Jessica, wielding a +0 club and wearing a +0 robe (heavily wounded, 100% to hit)
The magic dart hits Jessica.
Jessica is almost dead.
Jessica mumbles some strange words.
Jessica blinks!
Casting: Magic Dart (safe; 3% risk of failure)
Confirm with . or Enter, or press ? or * to list all spells.
You don't know that spell.
Unknown command.
Jessica points at you and mumbles some strange words.
Pain shoots through your body!
Ouch! That really hurt!
You die...

####.#.......#
#.g#....
#.........#
..g.......
###.......#
###.^....(
#.......#
##.##.#.
#.......# .. ....
###...### .. #.#
#..# #@).# ....
######...###....
........@.......
................
...............#
######.ยง.#####.#
#...# # #...#
#...# ###...###
#.......#


You could see Jessica.

Vanquished Creatures
  4 gnolls
  2 bats
  3 endoplasms
  A giant cockroach (D:1)
  4 goblins
  A kobold (D:1)
  A frilled lizard (D:2)
16 creatures vanquished.

Notes
Turn   | Place    | Note
-------+----------+-------------------------------------------
     0 | D:1      | psko the Spriggan Conjurer began the quest for the Orb.
     0 | D:1      | Reached XP level 1. HP: 9/9 MP: 5/5
   271 | D:1      | Found a faded altar of an unknown god.
   285 | D:1      | Prayed at the altar of an unknown god.
   285 | D:1      | Became a worshipper of the Wu Jian Council
   285 | D:1      | Reached * piety under Wu Jian
   287 | D:1      | Reached XP level 2. HP: 13/13 MP: 4/6
   780 | D:2      | Noticed Jessica
  1147 | D:2      | Reached XP level 3. HP: 16/16 MP: 0/8
  1521 | D:2      | Killed from afar by Jessica

Illustrated notes

Levels and vault maps discovered:
D:1:      tarquinn_simple_flora_water_e, layout_basic,
          ebering_ecumenical_altar_sacrificial, grunt_decor_one_mirror
D:2:      layout_loops_cross, feat_on_display, uniq_jessica

Skill      XL: |  1  2  3 |
---------------+----------+-----
Conjurations   | 3 |  3.6
Dodging        | 3 |  3.2
Spellcasting   | 3 |  3.3
Short Blades   | |  0.2
Stealth        | |  3.2

Action                   || total
-------------------------++-------
Melee: Dagger            ||    12
       Short sword       ||     9
 Cast: Magic Dart        ||    47
Invok: Whirlwind         ||     2
       Lunge             ||     1
  Use: Scroll            ||     2
 Stab: Sleeping          ||     1
Armor: Robe              ||     2
Dodge: Dodged            ||    19
